 Seeded DCSS version 0.28-a0-8-g6e044cfa68 (webtiles) character file.

Game seed: 8828301940820978488 (custom seed)

125 karkarkar the Chopper (level 4, -9/37 (40) HPs)
             Began as a Minotaur Fighter on July 22, 2021.
             Was a Believer of the Shining One.
             Mangled by a gnoll (11 damage)
             ... on level 3 of the Dungeon on July 24, 2021.
             The game lasted 00:06:26 (2361 turns).

karkarkar the Chopper (Minotaur Fighter)            Turns: 2361, Time: 00:06:26

HP:   -9/37 (40)    AC:  7    Str: 22    XL:     4   Next: 82%
MP:   3/3           EV:  7    Int:  5    God:    the Shining One [**....]
Gold: 76            SH:  9    Dex:  9    Spells: 3/3 levels left

rFire   . . .      SeeInvis .   a - +0 war axe
rCold   . . .      Faith    .   c - +0 kite shield
rNeg    + . .      Spirit   .   b - +0 scale mail
rPois   .          Reflect  .   (helmet restricted)
rElec   .          Harm     .   (no cloak)
rCorr   .          Rampage  .   (no gloves)
Will    .....                   (no boots)
Stlth   ..........              (no amulet)
HPRegen 0.12/turn               (no ring)
MPRegen 0.08/turn               (no ring)

@: glowing, drained
A: horns 2, retaliatory headbutt
a: Renounce Religion, Divine Shield


You were on level 3 of the Dungeon.
You worshipped the Shining One.
The Shining One was pleased with you.
You visited 1 branch of the dungeon, and saw 3 of its levels.

You collected 106 gold pieces.
You spent 30 gold pieces at shops.

Inventory:

Hand Weapons
 a - a +0 war axe (weapon)
Armour
 b - a +0 scale mail (worn)
 c - a +0 kite shield (worn)
Wands
 i - a wand of flame (20)
 k - a wand of iceblast (9)
Scrolls
 e - a scroll of silence {unknown}
 f - a scroll of noise
 h - a scroll of teleportation
 j - a scroll of identify
Potions
 d - a potion of might
 g - a potion of invisibility


   Skills:
 + Level 4.2 Fighting
 * Level 4.8 Axes
 + Level 4.1 Armour
 + Level 0.3 Dodging
 + Level 4.2 Shields


You had 3 spell levels left.
You didn't know any spells.
Your spell library was empty.

Dungeon Overview and Level Annotations

Branches:
Dungeon (3/15)

Altars:
The Shining One

Shops:
D:2 ((?*[

Annotations:
D:3 Sigmund


Innate Abilities, Weirdness & Mutations

You have a pair of horns on your head.
You reflexively headbutt those who attack you in melee.


Message History

You block the gnoll's attack.
The gnoll hits you from afar with a +0 spear.
The gnoll completely misses you. You block the gnoll's attack.
The gnoll hits you but does no damage.
You climb upwards.
There is a stone staircase leading down, spattered with blood here.
Things that are here:
a +0 hand axe; an orc skeleton
There is a stone staircase leading down, spattered with blood here.
You climb downwards.
Level annotation: Sigmund
There is a stone staircase leading up here.
There is a stone staircase leading up here.
The gnoll hits you from afar with a +0 spear.
You block the gnoll's attack. The gnoll hits you with a +0 halberd!
There is a stone staircase leading down, spattered with blood here.
You hit the gnoll. You headbutt the gnoll.
The gnoll is severely wounded.
Your scale mail prevents you from hitting the gnoll.
The gnoll barely misses you. You block the gnoll's attack.
The gnoll hits you with a +0 halberd!
You hit the gnoll.
The gnoll is almost dead.
You slash the gnoll!
The gnoll hits you from afar with a +0 spear.
* * * LOW HITPOINT WARNING * * *
You block the gnoll's attack. x2
The gnoll hits you from afar with a +0 spear.
* * * LOW HITPOINT WARNING * * *
You block the gnoll's attack. The gnoll barely misses you.
The gnoll hits you from afar with a +0 spear.
* * * LOW HITPOINT WARNING * * *
The gnoll hits you from afar with a +0 spear.
* * * LOW HITPOINT WARNING * * *
The gnoll closely misses you.
There is a stone staircase leading up here.
Unknown command.
You block the gnoll's attack. The gnoll hits you but does no damage.
The gnoll hits you from afar with a +0 halberd!
You die...

####### #####
##.....##.....
##...>....^....
#..............
#..............
#.....g........
#....g.........
#....g>@.......
#...>..........
##.............
##.....##.....
####### ####.


You could see 3 gnolls.

Vanquished Creatures
  2 adders (D:2)
  4 gnolls (D:2)
  3 worms (D:2)
  3 dart slugs
  5 orcs (D:2)
  3 endoplasms
  A giant cockroach (D:1)
  4 goblins (D:1)
  4 hobgoblins
  3 jackals (D:1)
  5 ball pythons
  2 bats
  4 frilled lizards
  5 kobolds
  3 rats (D:1)
51 creatures vanquished.

Vanquished Creatures (others)
  A fungus (D:1)
1 creature vanquished.

Grand Total: 52 creatures vanquished

Notes
Turn   | Place    | Note
-------+----------+-------------------------------------------
     0 | D:1      | karkarkar the Minotaur Fighter began the quest for the Orb.
     0 | D:1      | Reached XP level 1. HP: 19/19 MP: 0/0
     0 | D:1      | Upgraded the game from 0.28-a0-2-g643f2454ad to
                  | 0.28-a0-8-g6e044cfa68
   126 | D:1      | Reached XP level 2. HP: 27/27 MP: 1/1
   606 | D:1      | Found a faded altar of an unknown god.
   619 | D:1      | Became a worshipper of the Shining One
   619 | D:1      | Reached * piety under the Shining One
  1087 | D:2      | Found Kozxuf's Assorted Antiques.
  1093 | D:2      | Reached XP level 3. HP: 33/33 MP: 2/2
  1354 | D:2      | Found Zelikiri's Antique Armour Emporium.
  1363 | D:2      | Found Noiw's Magic Scroll Shoppe.
  1375 | D:2      | Bought a scroll of teleportation for 30 gold pieces
  1621 | D:2      | Found Guvianla's Weapon Boutique.
  1627 | D:2      | Reached XP level 4. HP: 31/40 MP: 3/3
  1628 | D:2      | Found Fihyisith's Antique Weapon Shop.
  2025 | D:3      | Noticed Sigmund
  2069 | D:3      | Reached ** piety under the Shining One
  2361 | D:3      | Mangled by a gnoll

Illustrated notes

Levels and vault maps discovered:
D:1:      dpeg_arrival_signposts, layout_basic, serial_curves, eino_curves_02,
          eino_curves_03, shapermc_ecumenical_altar_acropolis
D:2:      layout_basic, serial_shops, shop, nicolae_shop_statue_plus,
          nicolae_shop_waterfront, shop_fountains, nicolae_shop_trees
D:3:      layout_rooms, dk_vineyard_2, grunt_decor_junction, item_on_display_a,
          uniq_sigmund

Skill      XL: |  1  2  3  4 |
---------------+-------------+-----
Fighting       | 4 |  4.2
Shields        | 4 |  4.2
Axes           | 3 4 |  4.8
Armour         | 4 |  4.1
Dodging        | |  0.3

Action                   |  1- 3 |  4- 6 || total
-------------------------+-------+-------++-------
Melee: War axe           |    83 |    18 ||   101
       Headbutt          |    15 |     3 ||    18
  Use: Scroll            |     2 |       ||     2
Armor: Scale mail        |    33 |     9 ||    42
Dodge: Dodged            |    26 |    10 ||    36
Block: Kite shield       |    44 |    22 ||    66

Table legend: (Time is in decaauts)
 A = Elapsed time spent in this place.
 B = Non-inter-level travel time spent in this place.
 C = Inter-level travel time spent in this place.
 D = Time resting spent in this place.
 E = Time spent auto-exploring this place.
 F = Levels seen in this place.
 G = Mean time per level.
                   A        B        C        D        E       F      G
               +--------+--------+--------+--------+--------+-----+--------+
         Total |   2422 |   2380 |     42 |    416 |   1461 |   3 |  807.3 |
       Dungeon |   2422 |   2380 |     42 |    416 |   1461 |   3 |  807.3 |
               +--------+--------+--------+--------+--------+-----+--------+

Top non-repeatable levels by time:
     D:2: 1278 daAuts
     D:1: 1117 daAuts
     D:3: 25 daAuts
